 Dungeon Crawl Stone Soup version 0.28-a0-730-g892d06dc2c (webtiles) character file.

Game seed: 18110208354900484573

17 pokeman the Magician (level 2, -1/16 HPs)
             Began as a Deep Elf Hedge Wizard on Oct 28, 2021.
             Slain by an adder (4 damage)
             ... on level 2 of the Dungeon.
             The game lasted 00:01:21 (958 turns).

pokeman the Magician (Deep Elf Hedge Wizard)         Turns: 958, Time: 00:01:22

Health: -1/16      AC:  2    Str:  7    XL:     2   Next: 44%
Magic:  1/9        EV: 12    Int: 18    God:
Gold:   21         SH:  0    Dex: 14    Spells: 9/10 levels left

rFire   . . .      SeeInvis .   a - +0 dagger
rCold   . . .      Faith    .   (no shield)
rNeg    . . .      Spirit   .   b - +0 robe
rPois   .          Reflect  .   c - +0 hat
rElec   .          Harm     .   (no cloak)
rCorr   .          Rampage  .   (no gloves)
Will    .....                   (no boots)
Stlth   ++........              (no amulet)
HPRegen 0.05/turn               (no ring)
MPRegen 0.11/turn               (no ring)

@: very slightly contaminated
A: no striking features
a: no special abilities


You were on level 2 of the Dungeon.
You visited 1 branch of the dungeon, and saw 2 of its levels.

You collected 21 gold pieces.

Inventory:

Hand Weapons
 a - a +0 dagger (weapon)
Missiles
 h - 19 arrows
Armour
 b - a +0 robe (worn)
 c - a +0 hat (worn)
Scrolls
 e - a scroll of identify {unknown}
 f - a scroll of immolation {unknown}
 g - a scroll of teleportation {unknown}
 i - 3 scrolls of blinking {unknown}
Potions
 d - 2 potions of flight {unknown}


   Skills:
 + Level 0.5 Fighting
 + Level 0.5 Armour
 - Level 2.4 Dodging
 - Level 2.4 Stealth
 * Level 4.8 Spellcasting
 + Level 1.5 Conjurations
 - Level 1.1 Summonings
 - Level 1.1 Translocations


You had 9 spell levels left.
You knew the following spells:

 Your Spells              Type           Power      Damage    Failure   Level
a - Magic Dart            Conj           36%        1d4       7%          1

Your spell library contained the following spells:

 Spells                   Type           Power      Damage    Failure   Level
 Blink                    Tloc           16%        N/A       13%         2
 Call Imp                 Summ           8%         N/A       13%         2
 Freeze                   Ice            16%        1d4       14%         1
 Slow                     Hex            4%         N/A       21%         2
 Conjure Flame            Conj/Fire      7%         6-21      30%         3
 Mephitic Cloud           Conj/Pois/Air  6%         N/A       32%         3
 Frozen Ramparts          Ice            8%         1d2       38%         3
 Hailstorm                Conj/Ice       7%         3d4       69%         4


Dungeon Overview and Level Annotations

Branches:
Dungeon (2/15)

Altars:


Message History

Aim: an adder (moderately wounded, 100% to hit)
The magic dart hits the adder.
The adder is heavily wounded.
The adder bites you.
Casting: Magic Dart (safe; 7% risk of failure)
Confirm with . or Enter, or press ? or * to list all spells.
Aiming: Magic Dart (safe; 7% risk of failure)
Press: ? - help, Shift-Dir - straight line, f/p - adder
Aim: an adder (heavily wounded, 100% to hit)
You miscast Magic Dart.
You are very lightly contaminated with residual magic.
Nothing appears to happen.
The adder bites you but does no damage. The adder completely misses you.
Casting: Magic Dart (safe; 7% risk of failure)
Confirm with . or Enter, or press ? or * to list all spells.
Aiming: Magic Dart (safe; 7% risk of failure)
Press: ? - help, Shift-Dir - straight line, f/p - adder
Aim: an adder (heavily wounded, 100% to hit)
The magic dart hits the adder.
The adder is severely wounded.
The adder bites you.
Casting: Magic Dart (safe; 7% risk of failure)
Confirm with . or Enter, or press ? or * to list all spells.
Aiming: Magic Dart (safe; 7% risk of failure)
Press: ? - help, Shift-Dir - straight line, f/p - adder
Aim: an adder (severely wounded, 100% to hit)
The magic dart hits the adder.
The adder is almost dead.
The adder closely misses you.
Casting: Magic Dart (safe; 7% risk of failure)
Confirm with . or Enter, or press ? or * to list all spells.
Aiming: Magic Dart (safe; 7% risk of failure)
Press: ? - help, Shift-Dir - straight line, f/p - adder
Aim: an adder (almost dead, 100% to hit)
The magic dart hits the adder.
The adder is almost dead.
The adder bites you.
* * * LOW HITPOINT WARNING * * *
The adder bites you.
You die...

+.....$.....+
...8...8.$.
.#.....#.
.8...8. # .....
.# .b. ...
#S####...#
#######@........
.
..........#####
#. #.
########..# #.
#. #..# #. ##.
#..# #.##.##.
#..# #.#..<..
#..# #..#†##.
##.#######.##.#
#............#


You could see an adder and a bat.

Vanquished Creatures
  3 bats (D:1)
  2 endoplasms
  A giant cockroach (D:1)
  2 goblins (D:1)
  A hobgoblin (D:1)
  A quokka (D:1)
  2 ball pythons (D:1)
  2 frilled lizards
14 creatures vanquished.

Notes
Turn   | Place    | Note
-------+----------+-------------------------------------------
     0 | D:1      | pokeman the Deep Elf Hedge Wizard began the quest for the
                  | Orb.
     0 | D:1      | Reached XP level 1. HP: 10/10 MP: 7/7
   315 | D:1      | Reached XP level 2. HP: 16/16 MP: 2/9
   958 | D:2      | Slain by an adder

Illustrated notes

Levels and vault maps discovered:
D:1:      evilmike_arrival_crescent, layout_rooms
D:2:      layout_loops_ring, hex_tiny, minivault_24, dk_noncrumbling_3,
          nicolae_underground_beach

Action                   || total
-------------------------++-------
 Cast: Magic Dart        ||    43
Armor: Robe              ||     3
Dodge: Dodged            ||     5

Table legend: (Time is in decaauts)
 A = Elapsed time spent in this place.
 B = Non-inter-level travel time spent in this place.
 C = Inter-level travel time spent in this place.
 D = Time resting spent in this place.
 E = Time spent auto-exploring this place.
 F = Levels seen in this place.
 G = Mean time per level.
                   A        B        C        D        E       F      G
               +--------+--------+--------+--------+--------+-----+--------+
         Total |    958 |    917 |     41 |      0 |    835 |   2 |  479.0 |
       Dungeon |    958 |    917 |     41 |      0 |    835 |   2 |  479.0 |
               +--------+--------+--------+--------+--------+-----+--------+

Top non-repeatable levels by time:
     D:1: 765 daAuts
     D:2: 192 daAuts
